 Dungeon Crawl Stone Soup version 0.22-a0-810-g93d1441 (webtiles) character file.

673 zishaf the Shield-Bearer (level 7, 0/56 HPs)
             Began as a Formicid Fighter on July 23, 2018.
             Slain by a big kobold
             ... wielding a +0 whip
              (3 damage)
             ... on level 6 of the Dungeon.
             The game lasted 00:15:13 (5204 turns).

zishaf the Shield-Bearer (Formicid Fighter)         Turns: 5204, Time: 00:15:14

Health: 0/56       AC: 14    Str: 27    XL:     7   Next: 90%
Magic:  7/7        EV:  9    Int:  7    God:
Gold:   251        SH: 11    Dex: 11    Spells: 6/6 levels left

rFire    . . .     SeeInvis +   a - +0 scythe (slice)
rCold    . . .     Gourm    .   c - +0 shield
rNeg     . . .     Faith    .   g - +0 scale mail
rPois    .         Spirit   .   (helmet unavailable)
rElec    .         Reflect  .   r - +0 cloak
rCorr    .         Harm     .   x - +2 pair of gloves
MR       .....                  (no boots)
Stlth    ..........             (no amulet)
HPRegen  0.18/turn              y - +3 ring of protection
MPRegen  0.10/turn              v - ring of teleportation (curse)

@: mighty
A: permanent stasis, dig shafts and tunnels, four strong arms, antennae 3
a: Dig, Shaft Self


You were on level 6 of the Dungeon.
You were not hungry.

You visited 1 branch of the dungeon, and saw 5 of its levels.

You collected 251 gold pieces.

Inventory:

Hand Weapons
 a - a +0 scythe of slicing (weapon)
 b - a +0 blowgun
 n - a cursed +0 hunting sling
 p - a +0 long sword
Missiles
 l - 27 sling bullets
 o - 6 poisoned needles
Armour
 c - a +0 shield (worn)
 g - a +0 scale mail (worn)
 r - a +0 cloak (worn)
 x - a +2 pair of gloves (worn)
Jewellery
 q - an uncursed ring of flight
 v - a cursed ring of teleportation (right hand)
 y - a +3 ring of protection (left hand)
Scrolls
 h - 3 scrolls of identify {unknown}
 k - 4 scrolls of fog {3-stack, unknown}
 m - 2 scrolls of remove curse {unknown}
 s - a scroll of teleportation {unknown}
 t - 2 scrolls of random uselessness {unknown}
 z - a scroll of immolation {unknown}
Potions
 e - 2 potions of brilliance {stack of 2, unknown}
 i - 2 potions of lignification {unknown}
 j - 2 potions of heal wounds {unknown}
 u - 3 potions of curing
 w - a potion of haste {unknown}
 A - a potion of berserk rage {unknown}
 B - a potion of agility {unknown}
Comestibles
 f - 9 rations


   Skills:
 + Level 5.4 Fighting
 - Level 2.0 Long Blades
 - Level 2.0 Polearms
 - Level 3.0 Throwing
 + Level 5.4 Armour
 + Level 6.0 Shields


You had 6 spell levels left.
You didn't know any spells.
Your spell library contained the following spells:

 Spells                   Type           Power        Failure   Level  Hunger
 Confuse                  Hex            #.......     99%         3    ####...
 Tukima's Dance           Hex            #.......     99%         3    ####...
 Ensorcelled Hibernation  Hex/Ice        #.....       95%         2    ###....
 Corona                   Hex            #......      88%         1    ##.....
 Dazzling Spray           Conj/Hex       #.....       99%         3    ####...


Dungeon Overview and Level Annotations

Branches:
Dungeon (4/15)
 Temple: D:4-7

Altars:
Fedhas
Gozag
Wu Jian

Shops:
D:3 *


Innate Abilities, Weirdness & Mutations

You cannot be hasted, slowed, berserked, paralysed or teleported.
You can dig through walls and to a lower floor.
Your four strong arms can wield two-handed weapons with a shield.
You have a pair of large antennae on your head. (SInv)


Message History

You slash the leopard gecko!
You kill the leopard gecko!
The big kobold hits you but does no damage.
You barely miss the big kobold. You block the big kobold's attack.
The big kobold hits you but does no damage.
You hit the big kobold but do no damage.
The big kobold hits you but does no damage.
You block the big kobold's attack.
You closely miss the big kobold. The big kobold hits you with a whip!
* * * LOW HITPOINT WARNING * * *
The big kobold hits you but does no damage.
You barely miss the big kobold. You block the big kobold's attack. x2
You slash the big kobold!
The big kobold is moderately wounded.
The big kobold hits you but does no damage.
The big kobold barely misses you.
You slash the big kobold!
The big kobold is almost dead.
The big kobold hits you with a whip.
You die...

############
#.{{{{{.o...
#.#####{.###
#############.# ........
#......@KKo...#.##...###
#.##########..# #...#
#..# #.... {{ ...#
#.#.## ##.## #.... ...
#.# #.#


You could see a big kobold, an orc and a kobold.

Vanquished Creatures
  Sigmund (D:2)
  An ogre (D:4)
  A bullfrog (D:6)
  A howler monkey (D:4)
  2 jellies
  An iguana (D:4)
  Crazy Yiuf (D:2)
  A worker ant (D:6)
  Robin (D:2)
  11 adders
  An ooze (D:3)
  4 worms
  An adder skeleton (D:4)
  A dart slug (D:3)
  5 leopard geckos
  6 orcs
  10 bats
  12 goblins
  9 hobgoblins
  A frilled lizard (D:4)
  A jackal skeleton (D:4)
  8 kobolds
  5 rats
85 creatures vanquished.

Notes
Turn   | Place    | Note
-------+----------+-------------------------------------------
     0 | D:1      | zishaf the Formicid Fighter began the quest for the Orb.
     0 | D:1      | Reached XP level 1. HP: 18/18 MP: 1/1
   118 | D:1      | Reached XP level 2. HP: 24/24 MP: 2/2
   435 | D:1      | Reached skill level 4 in Shields
   565 | D:1      | Reached XP level 3. HP: 29/29 MP: 3/3
  1306 | D:2      | Noticed Sigmund
  1342 | D:2      | HP: 1/30 [Sigmund/scythe of slicing (2)]
  1352 | D:2      | Killed Sigmund
  1352 | D:2      | Reached XP level 4. HP: 2/37 MP: 4/4
  1352 | D:2      | Reached XP level 5. HP: 2/42 MP: 5/5
  1712 | D:2      | Noticed Robin
  1727 | D:2      | Killed Robin
  1733 | D:2      | Reached XP level 6. HP: 48/48 MP: 6/6
  1823 | D:2      | Found a runed door.
  1829 | D:2      | Noticed Crazy Yiuf
  1832 | D:2      | Killed Crazy Yiuf
  2213 | D:3      | Reached skill level 1 in Polearms
  2375 | D:3      | Found an ornate altar of the Wu Jian Council.
  2838 | D:3      | Found a blossoming altar of Fedhas.
  3049 | D:3      | Found an opulent altar of Gozag.
  3052 | D:3      | Found Gozag's Platinum Reserve.
  3089 | D:3      | Reached skill level 5 in Shields
  3881 | D:4      | Reached XP level 7. HP: 51/55 MP: 7/7
  4207 | D:4      | Reached skill level 5 in Fighting
  4670 | D:4      | Reached skill level 5 in Armour
  5077 | D:4      | You fall through a shaft for 2 floors!
  5192 | D:6      | Reached skill level 6 in Shields
  5201 | D:6      | HP: 2/56 [big kobold/whip (7)]
  5204 | D:6      | Slain by a big kobold

Vault maps used:
D:1:      dpeg_arrival_chase, minmay_misc_feat_nine_boxes
D:2:      first_ration, kennysheep_nondescript, st_stairs_14,
          kennysheep_generic_room_9, uniq_robin, uniq_crazy_yiuf_cottage,
          uniq_sigmund
D:3:      nicolae_overflow_crystal_walls, lemuel_coloured_pillars_altar,
          nicolae_gozag_zags_fifth_avenue
D:4:      lemuel_temple_firewalk_b
D:6:      minitemple, zin_scriptorium, uniq_edmund

Skill      XL: |  1  2  3  4  5  6  7 |
---------------+----------------------+-----
Shields        | 4 5 6 |  6.0
Fighting       | 4 5 |  5.4
Throwing       | 2 3 |  3.0
Armour         | 4 5 |  5.4
Polearms       | 2 |  2.0
Long Blades    | |  2.0

Action                   |  1- 3 |  4- 6 |  7- 9 || total
-------------------------+-------+-------+-------++-------
Melee: Long sword        |    88 |       |       ||    88
       Scythe            |       |   238 |    74 ||   312
 Fire: Blowgun           |     7 |    33 |    10 ||    50
 Abil: Shaft Self        |       |       |     1 ||     1
  Use: Potion            |       |       |     2 ||     2
  Eat: Chunk             |     1 |     9 |     2 ||    12
       Ration            |       |       |     1 ||     1
Armor: Scale mail        |    46 |   145 |    58 ||   249
Dodge: Dodged            |    38 |   100 |    36 ||   174
Block: Shield            |    54 |   201 |    72 ||   327
       Rpst.: Long sword |     9 |       |       ||     9

Table legend:
 A = Spawn XP
 B = Non-spawn XP
 C = Spawn XP percentage of total XP
 D = Spawn monster count
 E = Non-spawn monster count
 F = Spawn count percentage of total count
 G = Total turns spent on level
                    A         B        C        D         E        F      G
               +---------+---------+-------+---------+---------+-------+---------
         Total |       0 |     962 |   0.0 |       0 |      85 |   0.0 |  5204
               +---------+---------+-------+---------+---------+-------+---------
           D:1 |       0 |      30 |   0.0 |       0 |      17 |   0.0 |  1032
           D:2 |       0 |     332 |   0.0 |       0 |      23 |   0.0 |  1493
           D:3 |       0 |     120 |   0.0 |       0 |      26 |   0.0 |  1119
           D:4 |       0 |     297 |   0.0 |       0 |      14 |   0.0 |  1433
           D:6 |       0 |     183 |   0.0 |       0 |       5 |   0.0 |   127
               +---------+---------+-------+---------+---------+-------+---------
